 Dungeon Crawl Stone Soup version 0.28-a0-381-g937acc2988 (webtiles) character file.

Game seed: 3428558932940785257

32 swashedbuckles the Slasher (level 3, 0/28 HPs)
             Began as a Demonspawn Gladiator on Sept 1, 2021.
             Slain by an adder (2 damage)
             ... on level 2 of the Dungeon.
             The game lasted 00:04:11 (1424 turns).

swashedbuckles the Slasher (Demonspawn Gladiator)   Turns: 1424, Time: 00:04:12

Health: 0/28       AC:  7    Str: 15    XL:     3   Next: 10%
Magic:  3/3        EV: 11    Int:  9    God:
Gold:   85         SH:  0    Dex: 14    Spells: 2/2 levels left

rFire   . . .      SeeInvis .   a - +0 long sword
rCold   . . .      Faith    .   (no shield)
rNeg    . . .      Spirit   .   b - +0 ring mail
rPois   .          Reflect  .   c - +0 helmet
rElec   .          Harm     .   (no cloak)
rCorr   .          Rampage  .   (no gloves)
Will    .....                   i - +0 pair of boots
Stlth   +.........              (no amulet)
HPRegen 0.09/turn               (no ring)
MPRegen 0.08/turn               (no ring)

@: no status effects
A: powered by pain 1
a: no special abilities


You were on level 2 of the Dungeon.
You visited 1 branch of the dungeon, and saw 2 of its levels.

You collected 85 gold pieces.

Inventory:

Hand Weapons
 a - a +0 long sword (weapon)
Missiles
 d - 3 throwing nets (quivered)
Armour
 b - a +0 ring mail (worn)
 c - a +0 helmet (worn)
 i - a +0 pair of boots (worn)
Scrolls
 f - 2 scrolls of identify {unknown}
Potions
 e - a potion of mutation {unknown}
 g - a potion of haste
 h - a potion of heal wounds {unknown}
 j - 3 potions of curing {unknown}
 k - a potion of brilliance {unknown}


   Skills:
 + Level 2.3 Fighting
 + Level 3.2 Long Blades
 + Level 1.7 Throwing
 + Level 1.0 Armour
 + Level 2.8 Dodging


You had 2 spell levels left.
You didn't know any spells.
Your spell library contained the following spells:

 Spells                   Type           Power      Damage    Failure   Level
 Gell's Gravitas          Tloc           0%         N/A       94%         3
 Teleport Other           Tloc           0%         N/A       94%         3
 Dispersal                Tloc           0%         N/A       100%        6


Dungeon Overview and Level Annotations

Branches:
Dungeon (2/15)

Altars:

Shops:
D:1 (


Innate Abilities, Weirdness & Mutations

You sometimes gain a little power by taking damage.


Message History

Things that are here:
a +0 dagger; a goblin corpse A quokka comes into view.
Things that are here:
a jackal corpse; a dart slug corpse
Found a war axe.
The quokka bites you but does no damage.
You slash the quokka!
You kill the quokka!
A kobold comes into view. It is wielding a +0 whip.
An adder comes into view.
The adder hisses angrily.
The kobold throws a stone.
The stone misses you. The adder barely misses you.
The kobold closely misses you.
You barely miss the adder. The adder bites you. The kobold barely misses you.
The adder bites you.
You are poisoned.
The adder poisons you!
You closely miss the adder.
You feel sick. The adder bites you but does no damage.
The kobold completely misses you.
You closely miss the adder.
You feel sick. The adder bites you. The kobold barely misses you.
The adder closely misses you. The kobold hits you with a +0 whip.
You hit the adder.
The adder is heavily wounded.
You feel sick. The adder barely misses you. The kobold hits you with a +0 whip.
* * * LOW HITPOINT WARNING * * *
The adder barely misses you.
You hit the adder but do no damage.
The adder is heavily wounded.
You feel sick. The adder bites you.
* * * LOW HITPOINT WARNING * * *
The kobold misses you.
Unknown command.
You closely miss the adder.
The adder is heavily wounded.
You feel sick.
You are no longer poisoned.
The adder bites you.
You die...

#.# #.#.# #.#
#.#.# #.# #.# #
#####†#
#.###...)†#
#.......†.#
#.###..K.####. #
#..@S......
...............
#####...........
#..........)
#...........
#...........
#.....#####
#######


You could see an adder and a kobold.

Vanquished Creatures
  A worm (D:2)
  2 dart slugs
  A ball python (D:1)
  3 bats (D:1)
  An endoplasm (D:1)
  A giant cockroach (D:1)
  3 goblins
  A hobgoblin (D:1)
  4 jackals (D:2)
  A quokka (D:2)
  2 frilled lizards
  2 kobolds (D:1)
  A rat (D:1)
23 creatures vanquished.

Vanquished Creatures (others)
  A fungus (D:1)
  3 plants (D:1)
4 creatures vanquished.

Grand Total: 27 creatures vanquished

Notes
Turn   | Place    | Note
-------+----------+-------------------------------------------
     0 | D:1      | swashedbuckles the Demonspawn Gladiator began the quest for
                  | the Orb.
     0 | D:1      | Reached XP level 1. HP: 16/16 MP: 1/1
   431 | D:1      | Reached skill level 3 in Long Blades
   436 | D:1      | Gained mutation: You sometimes gain a little power by
                  | taking damage. [demonic ancestry]
   436 | D:1      | Reached XP level 2. HP: 3/22 MP: 2/2
   948 | D:1      | Found Viafiusk's Antique Weapon Shoppe.
  1034 | D:1      | Found a faded altar of an unknown god.
  1364 | D:2      | Reached skill level 1 in Armour
  1364 | D:2      | Reached XP level 3. HP: 13/28 MP: 3/3
  1424 | D:2      | Slain by an adder

Illustrated notes

Levels and vault maps discovered:
D:1:      zaba_arrival_water, layout_basic,
          shapermc_ecumenical_altar_mp_ritualfount, serial_shops,
          nicolae_shop_overgrown_old_shop, serial_bayou_crossing
D:2:      layout_basic, minmay_pentomino_s4

Skill      XL: |  1  2 |
---------------+-------+-----
Long Blades    | 3 |  3.2
Armour         | 1 |  1.0
Fighting       | |  2.3
Throwing       | |  1.7
Dodging        | |  2.8

Action                   || total
-------------------------++-------
Melee: Long sword        ||    94
Armor: Leather armour    ||    13
       Ring mail         ||    33
Dodge: Dodged            ||    88

Table legend: (Time is in decaauts)
 A = Elapsed time spent in this place.
 B = Non-inter-level travel time spent in this place.
 C = Inter-level travel time spent in this place.
 D = Time resting spent in this place.
 E = Time spent auto-exploring this place.
 F = Levels seen in this place.
 G = Mean time per level.
                   A        B        C        D        E       F      G
               +--------+--------+--------+--------+--------+-----+--------+
         Total |   1470 |   1458 |     12 |    312 |    661 |   2 |  735.0 |
       Dungeon |   1470 |   1458 |     12 |    312 |    661 |   2 |  735.0 |
               +--------+--------+--------+--------+--------+-----+--------+

Top non-repeatable levels by time:
     D:1: 1300 daAuts
     D:2: 170 daAuts
